 Dungeon Crawl Stone Soup version 0.32-a0-422-g28b100f618 (webtiles) character file.

Game seed: 4189759317866136680

906 Alarak the Magician (level 8, -2/50 HPs)
             Began as a Djinni Conjurer on Feb 22, 2024.
             Slain by a black bear (3 damage)
             ... on level 5 of the Dungeon.
             The game lasted 00:08:06 (3856 turns).

Alarak the Magician (Djinni Conjurer)               Turns: 3856, Time: 00:08:07

Health: -2/50      AC:  2    Str:  6    XL:     8   Next: 29%
Gold:   94         EV: 12    Int: 22    God:
                   SH:  0    Dex: 12

rFire   + + .        i - +3 dagger (freeze)
rCold   x . .        (no shield)
rNeg    . . .        a - +1 robe
rPois   ∞            (no helmet)
rElec   .            (no cloak)
rCorr   .            (no gloves)
SInv    .            (boots unavailable)
Will    .....        (no amulet)
Stlth   ++           (no ring)
HPRegen 0.28/turn    (no ring)
MPRegen 0.00/turn

%: infuse magic (-3 HP)
@: flying
A: sickness immunity, fire resistance 2, cold vulnerability 1, float, innate
caster, HP casting, extra vitality 1, deformed body, sense surroundings 1
a: no special abilities


You were on level 5 of the Dungeon.
You visited 1 branch of the dungeon, and saw 5 of its levels.

You collected 94 gold pieces.

Inventory:

Hand Weapons
 f - a +0 dagger
 i - a +3 dagger of freezing (weapon)
Armour
 a - a +1 robe (worn)
Jewellery
 c - a +6 ring of intelligence
Scrolls
 b - a scroll of vulnerability
 e - a scroll of fear {unknown}
 h - 2 scrolls of noise {unknown}
 j - a scroll of revelation {unknown}
 k - a scroll of identify
Potions
 d - 5 potions of curing
 g - a potion of brilliance {unknown}
 l - a potion of degeneration {unknown}


   Skills:
 - Level 2.1 Dodging
 - Level 1.5 Stealth
 + Level 7.9 Spellcasting
 + Level 7.9 Conjurations
 + Level 7.9 Hexes
 + Level 7.9 Summonings
 + Level 7.9 Necromancy
 + Level 7.9 Translocations
 + Level 7.9 Fire Magic
 + Level 7.9 Ice Magic
 + Level 7.9 Air Magic
 + Level 7.9 Earth Magic
 + Level 7.9 Alchemy


You knew the following spells:

 Your Spells              Type           Power      Damage    Failure   Level
a - Magic Dart            Conj           100%       1d8       1%          1
b - Searing Ray           Conj           86%        2d7       1%          2
c - Fulminant Prism       Conj/Alch      21%        3d12      3%          4
d - Iskenderun's Mystic   Conj/Tloc      43%        2d10      3%          4
e - Necrotise             Necr           100%       1d9       1%          1
f - Blink                 Tloc           86%        N/A       1%          2
g - Confusing Touch       Hex            43%        N/A       1%          3
Your spell library was empty.

Dungeon Overview and Level Annotations

Branches:
Dungeon (5/15)
 Temple: D:4-7

Altars:
Ashenzari
Uskayaw
Yredelemnul

Shops:
D:2 (


Innate Abilities, Weirdness & Mutations

You are immune to sickness and miasma.
You are immune to poison.
Your flesh is very heat resistant. (rF++)
You are vulnerable to cold. (rC-)
You float through the air rather than walking.
You learn spells naturally, not from books.
Your magical power is your life essence.
You have superior vitality. (+4 MHP)
Armour fits poorly on your strangely shaped body.
You passively map a small area around you.


Message History

The searing ray hits the black bear!
The black bear is moderately wounded.
The wyvern bites you! The wyvern bites you.
The searing ray misses the wyvern.
The searing ray hits the black bear!
The black bear is heavily wounded.
The searing ray hits the iguana but does no damage.
You finish channelling your searing ray.
The wyvern barely misses you.
Casting: Searing Ray (safe; 1% risk of failure)
Confirm with . or Enter, or press ? or * to list all spells.
Aiming: Searing Ray (safe; 1% risk of failure)
Press: ? - help, Shift-Dir - straight line, f/p - wyvern
Aim: a wyvern (almost dead, 82% to hit)
The searing ray hits the wyvern!
You kill the wyvern!
The searing ray hits the black bear!
The black bear is severely wounded.
The searing ray hits the iguana.
The iguana is lightly wounded. (Press . to maintain the ray.)
The black bear goes berserk!
The searing ray misses the black bear.
The searing ray hits the iguana!
The iguana is heavily wounded.
The searing ray hits the black bear.
The black bear is almost dead.
The searing ray hits the iguana.
The iguana is almost dead.
The black bear bites you.
* * * LOW HITPOINT WARNING * * *
The black bear claws you.
* * * LOW HITPOINT WARNING * * *
The black bear closely misses you. The black bear bites you.
* * * LOW HITPOINT WARNING * * *
The black bear claws you.
* * * LOW HITPOINT WARNING * * *
The black bear misses you.
Without enough magic to sustain it, your searing ray dissipates.
The black bear barely misses you. The black bear closely misses you.
The black bear claws you.
You die...

* , , , , ,, * *
, ,. * .. , , , ,
, ... . ,* * ....
, ... * .....
.....#######....#
,,
.......@hl<).._.#
*
.....######..####
... *..##### .
....* ..._# , ,
******** ....##,
....... ,
######., *


You could see a black bear (berserk) and an iguana.

Vanquished Creatures
  A wyvern (D:5)
  A black bear (D:3)
  A gnoll sergeant (D:5)
  A scorpion (D:4)
  A howler monkey (D:4)
  A hound (D:4)
  An orc priest (D:3)
  An iguana (D:4)
  An orc wizard (D:4)
  3 sleepcaps
  Natasha (thrice) (D:3)
  7 gnolls
  3 adders
  4 ribbon worms
  2 dart slugs
  10 orcs
  2 endoplasms
  2 giant cockroaches (D:4)
  3 goblins (D:1)
  11 hobgoblins
  4 jackals (D:2)
  2 kobolds
  2 quokkas
  3 ball pythons
  7 bats
  3 frilled lizards
  8 rats
88 creatures vanquished.

Notes
Turn   | Place    | Note
-------+----------+-------------------------------------------
     0 | D:1      | Alarak the Djinni Conjurer began the quest for the Orb.
     0 | D:1      | Alarak set off with the following spells memorised: Magic
                  | Dart, Searing Ray, Fulminant Prism, Iskenderun's Mystic
                  | Blast.
     0 | D:1      | Reached XP level 1. HP: 15/15 MP: 0/0
   131 | D:1      | Reached XP level 2. HP: 20/21 MP: 0/0
   198 | D:1      | Found a faded altar of an unknown god.
   553 | D:1      | Reached XP level 3. HP: 23/25 MP: 0/0
   553 | D:1      | Learned a level 1 spell: Necrotise
  1123 | D:2      | Found Himp's Weapon Shop.
  1221 | D:2      | Reached XP level 4. HP: 30/31 MP: 0/0
  1716 | D:3      | Gained mutation: You occasionally shout uncontrollably at
                  | your foes. [potion of mutation]
  1716 | D:3      | Gained mutation: You are frail. (-10% HP) [potion of
                  | mutation]
  1717 | D:3      | Lost mutation: You occasionally shout uncontrollably at
                  | your foes. [potion of mutation]
  1717 | D:3      | Lost mutation: You are frail. (-10% HP) [potion of
                  | mutation]
  1717 | D:3      | Gained mutation: You passively map a small area around you.
                  | [potion of mutation]
  1717 | D:3      | Gained mutation: Armour fits poorly on your strangely
                  | shaped body. [potion of mutation]
  1760 | D:3      | Identified the +1 ring mail of Elyvilon's Envy {rC+ MP+9
                  | Str+2}
  1794 | D:3      | Reached skill level 5 in Spellcasting
  1794 | D:3      | Reached skill level 5 in Conjurations
  1794 | D:3      | Reached skill level 5 in Hexes
  1794 | D:3      | Reached skill level 5 in Summonings
  1794 | D:3      | Reached skill level 5 in Necromancy
  1794 | D:3      | Reached skill level 5 in Translocations
  1794 | D:3      | Reached skill level 5 in Fire Magic
  1794 | D:3      | Reached skill level 5 in Ice Magic
  1794 | D:3      | Reached skill level 5 in Air Magic
  1794 | D:3      | Reached skill level 5 in Earth Magic
  1794 | D:3      | Reached skill level 5 in Alchemy
  1794 | D:3      | Reached XP level 5. HP: 30/35 MP: 0/0
  1794 | D:3      | Learned a level 2 spell: Blink
  1931 | D:3      | Noticed a black bear
  1937 | D:3      | Killed a black bear
  1938 | D:3      | Reached XP level 6. HP: 34/40 MP: 0/0
  2011 | D:3      | Noticed Natasha
  2016 | D:3      | Killed Natasha
  2098 | D:3      | Noticed Natasha
  2101 | D:3      | Killed Natasha
  2359 | D:3      | Noticed Natasha
  2361 | D:3      | Killed Natasha
  2362 | D:3      | Reached XP level 7. HP: 42/45 MP: 0/0
  2362 | D:3      | Learned a level 3 spell: Confusing Touch
  3470 | D:4      | Found a broken altar of Ashenzari.
  3829 | D:5      | Entered Level 5 of the Dungeon
  3829 | D:5      | Found a hide-covered altar of Uskayaw.
  3829 | D:5      | Found a basalt altar of Yredelemnul.
  3839 | D:5      | Reached XP level 8. HP: 43/50 MP: 0/0
  3843 | D:5      | Noticed a wyvern
  3853 | D:5      | Killed a wyvern
  3855 | D:5      | HP: 1/50 [black bear (6)]
  3856 | D:5      | Slain by a black bear

Illustrated notes

Levels and vault maps discovered:
D:1:      denvon_arrival_planthouse, layout_loops_corners,
          shapermc_ecumenical_altar_starsandcircs,
          chequers_serial_rivers_small_a, ebering_dispersal_statue_hall
D:2:      layout_rooms, serial_glass, glass_columns_c, glass_columns_a,
          serial_shops, nicolae_shop_statue_plus
D:3:      layout_rooms, nicolae_concentric_dashed_squares_wild, uniq_natasha
D:4:      layout_gridville, mainiacjoe_overflow_alcove_1, grunt_ministairs_9
D:5:      layout_rooms, nicolae_overflow_macrodata_refinement,
          kennysheep_mini_moat, minmay_temple_entry_sparse_star

Skill      XL: |  1  2  3  4  5  6  7 |
---------------+----------------------+-----
Spellcasting   | 4 5 6 7 |  7.9
Conjurations   | 4 5 6 7 |  7.9
Hexes          | 4 5 6 7 |  7.9
Summonings     | 4 5 6 7 |  7.9
Necromancy     | 4 5 6 7 |  7.9
Translocations | 4 5 6 7 |  7.9
Fire Magic     | 4 5 6 7 |  7.9
Ice Magic      | 4 5 6 7 |  7.9
Air Magic      | 4 5 6 7 |  7.9
Earth Magic    | 4 5 6 7 |  7.9
Alchemy        | 4 5 6 7 |  7.9
Dodging        | |  2.1
Stealth        | |  1.5

Action                     |  1- 3 |  4- 6 |  7- 9 || total
---------------------------+-------+-------+-------++-------
  Melee: Dagger            |       |       |     3 ||     3
   Cast: Magic Dart        |    49 |    60 |    59 ||   168
         Searing Ray       |       |    11 |    12 ||    23
    Use: Scroll            |     3 |     2 |       ||     5
         Potion            |       |     2 |       ||     2
 Armour: Robe              |     2 |     2 |    15 ||    19
  Dodge: Dodged            |     2 |    10 |    17 ||    29

Table legend: (Time is in decaauts)
 A = Elapsed time spent in this place.
 B = Non-inter-level travel time spent in this place.
 C = Inter-level travel time spent in this place.
 D = Time resting spent in this place.
 E = Time spent auto-exploring this place.
 F = Levels seen in this place.
 G = Mean time per level.
                   A        B        C        D        E       F      G
               +--------+--------+--------+--------+--------+-----+--------+
         Total |   3853 |   3560 |    293 |    397 |   2799 |   5 |  770.6 |
       Dungeon |   3853 |   3560 |    293 |    397 |   2799 |   5 |  770.6 |
               +--------+--------+--------+--------+--------+-----+--------+

Top non-repeatable levels by time:
     D:4: 1365 daAuts
     D:1: 1108 daAuts
     D:3: 812 daAuts
     D:2: 540 daAuts
     D:5: 26 daAuts
